 Dungeon Crawl Stone Soup version 0.30-a0-364-gf6b3ef1049 (webtiles) character file.

Game seed: 8009309872552042549

220 mopl the Sneak (level 5, -4/36 HPs)
             Began as an Octopode Brigand on Nov 15, 2022.
             Splashed by a jelly's acid (9 damage)
             ... on level 3 of the Dungeon.
             The game lasted 00:03:36 (1899 turns).

mopl the Sneak (Octopode Brigand)                   Turns: 1899, Time: 00:03:41

Health: -4/36      AC: -11   Str: 10    XL:     5   Next: 97%
Magic:  5/5        EV: 14    Int: 16    God:
Gold:   96         SH:  0    Dex: 19    Spells: 4/4 levels left

rFire   . . .      SeeInvis .    a - +2 dagger
rCold   . . .      Faith    .    (no shield)
rNeg    . . .      Spirit   .    (helmet restricted)
rPois   +          Reflect  .    (no amulet)
rElec   .          Harm     .    j - ring of poison resistance
rCorr   .          Rampage  .    p - +6 ring of dexterity
Will    .....                    (no ring)
Stlth   +++++.....               (no ring)
HPRegen 0.26/turn                (no ring)
MPRegen 0.09/turn                (no ring)
                                 (no ring)
                                 (no ring)

@: mighty, corroded
A: almost no armour, amphibious, 8 rings, camouflage 1, gelatinous body 1,
(nimble swimmer 1), tentacles
a: no special abilities


You were on level 3 of the Dungeon.
You visited 1 branch of the dungeon, and saw 3 of its levels.

You collected 96 gold pieces.

Inventory:

Hand Weapons
 a - a +2 dagger (weapon)
 m - a +0 hand axe of flaming
Missiles
 b - 8 poisoned darts (quivered)
 c - 3 curare-tipped darts
 e - 2 throwing nets
 h - 3 silver boomerangs
Magical Staves
 f - a staff of poison
Jewellery
 j - a ring of poison resistance (left tentacle)
 o - a ring of ice
 p - a +6 ring of dexterity (right tentacle)
Scrolls
 g - a scroll of vulnerability {unknown}
 l - a scroll of blinking {unknown}
 n - a scroll of identify {unknown}
Potions
 i - a potion of attraction {unknown}
 k - a potion of magic {unknown}


   Skills:
 + Level 3.3 Fighting
 - Level 2.0 Short Blades
 + Level 3.3 Throwing
 + Level 2.9 Dodging
 + Level 6.6 Stealth


You had 4 spell levels left.
You didn't know any spells.
Your spell library contained the following spells:

 Spells                   Type           Power      Damage    Failure   Level
 Frozen Ramparts          Ice            0%         1d1       58%         3
 Ice Form                 Ice/Tmut       0%         N/A       94%         4
 Summon Ice Beast         Ice/Summ       0%         N/A       94%         4
 Summon Lightning Spire   Summ/Air       0%         N/A       94%         4
 Storm Form               Tmut/Air       0%         N/A       100%        7
 Maxwell's Capacitive Co  Air            0%         ∞         100%        8


Dungeon Overview and Level Annotations

Branches:
Dungeon (3/15)

Altars:


Innate Abilities, Weirdness & Mutations

You cannot wear most types of armour.
You are amphibious.
You can wear up to eight rings at the same time.
Your skin changes colour to match your surroundings (Stealth+).
Your rubbery body absorbs attacks. (AC +1, EV +1)
((You are camouflaged when in or above water. (Stealth+)))
You have tentacles for arms and can constrict up to eight enemies at once.


Message History

You kill the hobgoblin!
p - a +6 ring of dexterity You hear a distant slurping noise.
A jelly comes into view.
You feel agile.
p - a +6 ring of dexterity (right tentacle)
You aren't carrying any items that you can evoke.
Throw: 9 darts (poison)
Press: ? - help, Q - select action, (/) - cycle Shift-Dir - straight line, f - jelly
Aim: a jelly (wandering, hasn't noticed you, 90% to hit)
You throw a poisoned dart. The poisoned dart hits the jelly.
The jelly quivers.
Unknown command.
You barely miss the jelly. The jelly closely misses you.
You hit the jelly. The acid corrodes you!
Your tentacles burn!
You squeeze the jelly, but do no damage.
The jelly is lightly wounded.
The jelly jiggles.
The jelly closely misses you.
You hit the jelly but do no damage.
Your tentacles burn!
The jelly is lightly wounded.
The jelly barely misses you.
You hit the jelly but do no damage.
Your tentacles burn!
You squeeze the jelly, but do no damage.
The jelly is lightly wounded.
The jelly hits you. The acid corrodes you!
You are splashed with acid!
* * * LOW HITPOINT WARNING * * *
You are too injured to fight recklessly!
You are too injured to fight recklessly!
Okay, then.
It was a potion of might.
You feel very mighty all of a sudden. The jelly barely misses you.
You hit the jelly.
Your tentacles burn!
* * * LOW HITPOINT WARNING * * *
The jelly is moderately wounded.
The jelly hits you.
* * * LOW HITPOINT WARNING * * *
The acid corrodes you!
You are splashed with acid!
You die...

.. #)# #.# # #. #.# #.#
#.###.## ##.## #.#
...... ##.).## #.#
#....# #..)..# #.#
#.#..# ##...########.#
#.#..#######.###.......#
#.#.......##)###.#######
#.##.####....J@..#
#.##.# ####.#####
###.##.#######.#
.............#.#
###.#.######.#.# ....#.#
#.# ###.#.# #.# # #....
... ###.#.# #.#


You could see a jelly.

Vanquished Creatures
  Terence (D:3)
  Natasha (thrice) (D:2)
  An orc wizard (D:3)
  3 adders
  A dart slug (D:1)
  9 orcs (D:3)
  6 ball pythons (D:1)
  3 endoplasms
  A giant cockroach (D:3)
  7 hobgoblins
  4 jackals (D:1)
  2 quokkas (D:3)
  4 bats
  5 frilled lizards
  4 goblins
  4 kobolds
  A rat (D:2)
59 creatures vanquished.

Notes
Turn   | Place    | Note
-------+----------+-------------------------------------------
     0 | D:1      | mopl the Octopode Brigand began the quest for the Orb.
     0 | D:1      | Reached XP level 1. HP: 14/14 MP: 1/1
    73 | D:1      | Reached XP level 2. HP: 19/19 MP: 2/2
   450 | D:1      | Reached XP level 3. HP: 19/25 MP: 3/3
   711 | D:2      | Noticed Natasha
   719 | D:2      | Killed Natasha
   720 | D:2      | Reached skill level 2 in Dodging
   720 | D:2      | Reached XP level 4. HP: 30/30 MP: 4/4
   728 | D:2      | Noticed Natasha
   738 | D:2      | Killed Natasha
   739 | D:2      | Reached skill level 6 in Stealth
  1289 | D:2      | Noticed Natasha
  1295 | D:2      | Killed Natasha
  1296 | D:2      | Reached skill level 3 in Fighting
  1296 | D:2      | Reached skill level 3 in Throwing
  1296 | D:2      | Reached XP level 5. HP: 27/36 MP: 5/5
  1356 | D:3      | Noticed Terence
  1357 | D:3      | Killed Terence
  1899 | D:3      | Splashed by a jelly's acid

Illustrated notes

Levels and vault maps discovered:
D:1:      lightli_arrival_flooded_house, layout_loops_ring
D:2:      layout_basic, grunt_ministairs_7, uniq_natasha
D:3:      layout_loops_corners, minitemple, serial_park_tiny_pond, uniq_terence

Skill      XL: |  1  2  3  4 |
---------------+-------------+-----
Dodging        | 2 |  2.9
Stealth        | 6 |  6.6
Fighting       | 3 |  3.3
Throwing       | 3 |  3.3
Short Blades   | |  2.0

Action                   |  1- 3 |  4- 6 || total
-------------------------+-------+-------++-------
Melee: Dagger            |    46 |    72 ||   118
       Tentacles         |     6 |    14 ||    20
       Constrict         |     8 |    15 ||    23
Throw: Dart              |       |     5 ||     5
  Use: Potion            |       |     1 ||     1
 Stab: Sleeping          |    12 |     9 ||    21
       Distracted        |     1 |       ||     1
Armor: Skin              |     1 |     2 ||     3
Dodge: Dodged            |    15 |    33 ||    48

Table legend: (Time is in decaauts)
 A = Elapsed time spent in this place.
 B = Non-inter-level travel time spent in this place.
 C = Inter-level travel time spent in this place.
 D = Time resting spent in this place.
 E = Time spent auto-exploring this place.
 F = Levels seen in this place.
 G = Mean time per level.
                   A        B        C        D        E       F      G
               +--------+--------+--------+--------+--------+-----+--------+
         Total |   1885 |   1857 |     28 |    144 |   1346 |   3 |  628.3 |
       Dungeon |   1885 |   1857 |     28 |    144 |   1346 |   3 |  628.3 |
               +--------+--------+--------+--------+--------+-----+--------+

Top non-repeatable levels by time:
     D:2: 719 daAuts
     D:1: 628 daAuts
     D:3: 536 daAuts
